 Dungeon Crawl Stone Soup version 0.19-a0-934-gf1df8d1 (webtiles) character file.

20113 Implojin the Grappler (level 12, 0/132 HPs)
             Began as a Troll Fighter on July 8, 2016.
             Was a High Priest of Okawaru.
             Slain by a sheep (13 damage)
             ... on level 6 of the Lair of Beasts.
             The game lasted 00:26:12 (3452 turns).

Implojin the Grappler (Troll Fighter)               Turns: 3452, Time: 00:26:12

Health: 0/132      AC:  7    Str: 27    XL:     12   Next: 42%
Magic:  12/16      EV:  9    Int:  4    God:    Okawaru [*****.]
Gold:   120        SH: 10    Dex: 13    Spells: 0 memorised, 11 levels left

rFire  + . .     SeeInvis .       - Unarmed
rCold  . . .     Gourm    +     a - +0 robe
rNeg   . . .     Faith    .     b - +0 shield
rPois  .         Spirit   .     g - +1 hat
rElec  .         Dismiss  .     (no cloak)
rCorr  .         Reflect  .     (gloves unavailable)
SustAt .         Harm     .     (boots unavailable)
MR     +....                    (no amulet)
Stlth  +.........               (no ring)
                                v - ring of protection from fire

@: finesse, somewhat resistant to hostile enchantments, very unstealthy
A: unfitting armour, claws 3, thin metallic scales 1, deformed body, fast
metabolism 3, gourmand, magic resistance 1, regeneration 2, shaggy fur 1, tough
skin 2
a: Heroism, Finesse, Renounce Religion


You were on level 6 of the Lair of Beasts.
You worshipped Okawaru.
Okawaru was extremely pleased with you.
You were completely stuffed.

You visited 4 branches of the dungeon, and saw 23 of its levels.

You collected 120 gold pieces.

Inventory:

Hand Weapons
 o - a +0 blowgun
 C - a +3 scimitar of flaming
Missiles
 l - 4 javelins (quivered)
 p - 17 curare-tipped needles
 t - 2 throwing nets
 B - 7 poisoned tomahawks
Armour
 a - a +0 robe (worn)
 b - a +0 shield (worn)
 g - a +1 hat (worn)
 x - the +5 robe "Enecoffa" {*Drain MP+9 Str+6 Int-5}
   (Okawaru gifted it to you on level 13 of the Dungeon)

   It affects your strength (+6).
   It affects your intelligence (-5).
   It affects your magic capacity (+9).
   It causes draining when unequipped.
Jewellery
 v - a ring of protection from fire (left claw)
Wands
 c - a wand of disintegration (14/24)
 r - a wand of lightning (3/15)
 w - a wand of paralysis (2/24)
Scrolls
 f - a scroll of immolation
 y - a scroll of identify
Potions
 e - a potion of ambrosia
 h - a potion of magic
 j - 2 potions of brilliance
 n - 2 potions of curing
 s - a potion of haste
 z - a potion of lignification
Books
 i - a book of Enchantments

   Spells                             Type                      Level
   a - Cause Fear                     Hexes                        4
   b - Yara's Violent Unravelling     Hexes/Transmutation          5
   c - Silence                        Hexes/Air                    5
   d - Deflect Missiles               Charms/Air                   6
   e - Haste                          Charms                       6
   f - Discord                        Hexes                        8
 k - a book of Dreams

   Spells                             Type                      Level
   a - Ensorcelled Hibernation        Hexes/Ice                    2
   b - Silence                        Hexes/Air                    5
   c - Darkness                       Hexes                        6
   d - Shadow Creatures               Summoning                    6
Comestibles
 d - 4 bread rations
 m - 13 royal jellies
 q - 3 meat rations
 u - a slice of pizza


   Skills:
 - Level 12.0 Fighting
 - Level 2.4 Dodging
 - Level 4.0 Shields
 - Level 12.2 Unarmed Combat
 * Level 7.5 Invocations


You had 11 spell levels left.
You didn't know any spells.

Dungeon Overview and Level Annotations

Branches:
Dungeon (15/15)            Temple (1/1) D:4            Lair (6/6) D:8
  Swamp (1/4) Lair:3          Orc (0/2) D:10
  Snake: Lair:2-4    Spider: Lair:2-4     Slime: Lair:5-6    Vaults: D:13-14
 Depths: D:15

Altars:
Cheibriados
Dithmenos
Fedhas
Hepliaklqana
Kikubaaqudgha
Makhleb
Nemelex Xobeh
Okawaru
Pakellas
Qazlal
Trog
Uskayaw
Vehumet
Xom
Yredelemnul
Zin
The Shining One


Innate Abilities, Weirdness & Mutations

You are too large for most types of armour.
You have claws for hands.
Your metabolism is lightning-fast.
You like to eat raw meat.
You heal very quickly.
You are covered in fur. (AC +1)
You have very tough skin. (AC +2)
You are partially covered in thin metallic scales. (AC +2)
Armour fits poorly on your strangely shaped body.
You are resistant to hostile enchantments. (MR+)


Message History

Unknown command.
Unknown command.
You claw the torpor snail!
The torpor snail is moderately wounded.
You mangle the torpor snail!!
The torpor snail is severely wounded.
The death yak bellows!
The torpor snail bites you.
* * * LOW HITPOINT WARNING * * *
Unknown command.
You eviscerate the sheep!!!
You kill the sheep!
Okawaru accepts your kill. The sheep bites you.
* * * LOW HITPOINT WARNING * * *
The sheep barely misses you.
You see here a sheep corpse.
Unknown command.
You feel yourself speed up. The death yak gores you!!
* * * LOW HITPOINT WARNING * * *
You block the sheep's attack.
You scratch the death yak but do no damage.
You claw the death yak!
The death yak is lightly wounded.
The death yak gores you!!
* * * LOW HITPOINT WARNING * * *
You block the sheep's attack.
Unknown command.
You mangle the death yak!!
The death yak is moderately wounded.
You claw the death yak!
The death yak is heavily wounded.
You claw the death yak!
The death yak is severely wounded.
You claw the death yak!
The death yak is almost dead.
You feel like a meek peon again. The sheep bites you!
You die...

#.....##..8..##.....
###...8..#.....#..8..#
#..............#.....#
.#.t.#.)...†.8.......#
.....#....†..........#
..P....#..8..<..8Y.#.
##P.....#......YY..#
#P...$..##...8.YY#####
....#....#.....@#.#..##...
#.. #.#...##.+###w....Y...
# ###....#...##P........
#....#.....#.....##..
#.....8.<.8#.....#
#...P#.....#...F#..
P......#.8.##...#....
..PPP....####..........
%.P.P.... ..........


You could see a death yak and 4 sheep.

Vanquished Creatures
  Josephine (D:13)
  A hydra (D:11)
  An alligator (Swamp:1)
  A centaur warrior (D:15)
  Sonja (D:11)
  2 unseen horrors (D:10)
  A wolf spider zombie (D:14)
  3 hill giants
  6 ugly things (D:15)
  A griffon (D:13)
  A manticore (D:11)
  A black mamba (Lair:2)
  A spiny frog (Swamp:1)
  A freezing wraith (D:15)
  2 kobold demonologists (D:12)
  A komodo dragon (Lair:6)
  A troll (D:8)
  A raiju (shapeshifter) (D:15)
  3 slime creatures
  6 wraiths
  11 yaks
  A hippogriff (Lair:6)
  4 vampire mosquitoes
  A hungry ghost (D:10)
  Duvessa (D:7)
  4 water moccasins
  A black bear (D:6)
  3 orc warriors
  3 sky beasts
  3 phantoms
  4 ogres
  A centaur (D:15)
  A wolf (D:8)
  2 crocodiles
  4 big kobolds (D:12)
  9 giant frogs
  A gnoll sergeant (D:9)
  A scorpion (D:5)
  Dowan (D:7)
  8 wights
  3 electric eels (D:8)
  2 howler monkeys
  A vampire bat (D:9)
  2 crimson imps
  A centaur zombie (D:6)
  9 hounds
  5 jellies
  2 orc priests
  A giant frog skeleton (D:6)
  3 iguanas
  11 orc wizards
  5 worker ants
  2 sheep (Lair:6)
  A worker ant zombie (D:7)
  12 gnolls
  4 adders
  A shadow imp (D:13)
  5 oozes (D:8)
  2 giant geckos
  32 orcs
  3 bat skeletons (D:9)
  2 bat zombies (D:9)
  4 hobgoblins
  6 jackals
  A ball python (D:3)
  A giant gecko skeleton (D:5)
  A giant gecko zombie (D:5)
  2 giant newts (D:1)
  4 kobolds
  2 rats (D:2)
230 creatures vanquished.

Notes
Turn   | Place    | Note
-------+----------+-------------------------------------------
     0 | D:1      | Implojin the Troll Fighter began the quest for the Orb.
     0 | D:1      | Reached XP level 1. HP: 22/22 MP: 0/0
   115 | D:3      | Found a glowing golden altar of the Shining One.
   141 | D:3      | Reached XP level 2. HP: 27/29 MP: 1/1
   147 | D:3      | Reached skill level 3 in Unarmed Combat
   175 | D:3      | Reached XP level 3. HP: 8/36 MP: 2/2
   240 | D:4      | Noticed a phantom
   256 | D:4      | Killed a phantom
   256 | D:4      | Reached skill level 5 in Unarmed Combat
   256 | D:4      | Reached XP level 4. HP: 34/44 MP: 3/3
   269 | D:3      | Reached XP level 5. HP: 36/50 MP: 4/4
   293 | D:5      | Entered Level 5 of the Dungeon
   293 | D:5      | Noticed a sky beast
   308 | D:5      | Noticed an ogre
   317 | D:5      | Killed an ogre
   317 | D:5      | Reached skill level 6 in Unarmed Combat
   317 | D:5      | Reached XP level 6. HP: 42/59 MP: 5/5
   364 | D:6      | Reached skill level 7 in Unarmed Combat
   407 | D:6      | Reached XP level 7. HP: 31/66 MP: 6/6
   443 | D:6      | Reached skill level 8 in Unarmed Combat
   580 | D:5      | Found a shimmering altar of Xom.
   581 | D:5      | Found a bloodstained altar of Trog.
   629 | D:5      | Reached skill level 9 in Unarmed Combat
   773 | D:6      | Reached XP level 8. HP: 68/74 MP: 7/7
   862 | D:8      | Reached skill level 10 in Unarmed Combat
   943 | D:4      | Found a staircase to the Ecumenical Temple.
   960 | Temple   | Entered the Ecumenical Temple
  1001 | Temple   | Became a worshipper of Warmaster Okawaru
  1111 | D:7      | Noticed Duvessa
  1111 | D:7      | Noticed Dowan
  1114 | D:7      | Killed Dowan
  1119 | D:7      | HP: 3/74 [Duvessa/rapier (5)]
  1120 | D:7      | Killed Duvessa
  1120 | D:7      | Reached skill level 11 in Unarmed Combat
  1241 | D:9      | Found an ancient bone altar of Kikubaaqudgha.
  1278 | D:10     | Entered Level 10 of the Dungeon
  1285 | D:11     | Noticed Sonja
  1388 | D:10     | Gained mutation: Armour fits poorly on your strangely shaped body. [potion of mutation]
  1388 | D:10     | Gained mutation: You are resistant to hostile enchantments. (MR+) [potion of mutation]
  1388 | D:10     | Gained mutation: You are partially covered in thin metallic scales. (AC +2) [potion of mutation]
  1413 | D:10     | Killed an unseen horror
  1413 | D:10     | Reached * piety under Okawaru
  1413 | D:10     | Reached skill level 12 in Unarmed Combat
  1413 | D:10     | Reached XP level 9. HP: 42/80 MP: 8/8
  1451 | D:10     | Killed an unseen horror
  1451 | D:10     | Reached ** piety under Okawaru
  1451 | D:10     | Reached skill level 4 in Fighting
  1529 | D:10     | Reached skill level 5 in Fighting
  1559 | D:10     | Found a staircase to the Orcish Mines.
  1592 | D:9      | Reached skill level 6 in Fighting
  1603 | D:9      | Reached XP level 10. HP: 37/100 MP: 6/9
  1637 | D:8      | Reached skill level 7 in Fighting
  1842 | D:8      | Found a staircase to the Lair.
  1850 | D:8      | Reached *** piety under Okawaru
  1880 | D:8      | Reached skill level 8 in Fighting
  2002 | D:11     | Noticed a manticore
  2040 | D:11     | Killed a manticore
  2089 | D:11     | Found an oddly glowing altar of Pakellas.
  2180 | D:12     | Reached skill level 9 in Fighting
  2188 | D:12     | Reached **** piety under Okawaru
  2274 | D:13     | Noticed a hill giant
  2276 | D:13     | Noticed a hill giant
  2286 | D:13     | Killed a hill giant
  2286 | D:13     | Reached skill level 10 in Fighting
  2291 | D:13     | Killed a hill giant
  2291 | D:13     | Reached XP level 11. HP: 118/118 MP: 8/10
  2295 | D:13     | Noticed a griffon
  2302 | D:13     | Killed a griffon
  2302 | D:13     | Reached ***** piety under Okawaru
  2310 | D:13     | Noticed Josephine
  2321 | D:13     | Killed Josephine
  2321 | D:13     | Received a gift from Okawaru
  2322 | D:13     | Got a fabulously ornate robe {god gift}
  2334 | D:13     | Reached skill level 11 in Fighting
  2553 | D:15     | Entered Level 15 of the Dungeon
  2583 | D:15     | Noticed a white ugly thing
  2584 | D:15     | Noticed a white ugly thing
  2584 | D:15     | Noticed a white ugly thing
  2591 | D:15     | Killed a white ugly thing
  2595 | D:15     | Killed a red ugly thing
  2596 | D:15     | Noticed a white ugly thing
  2597 | D:15     | Noticed a hill giant
  2604 | D:15     | Killed a white ugly thing
  2604 | D:15     | Reached skill level 12 in Fighting
  2608 | D:15     | Killed a white ugly thing
  2608 | D:15     | Reached skill level 3 in Shields
  2610 | D:15     | Killed a hill giant
  2636 | D:15     | Reached skill level 4 in Shields
  2689 | D:15     | Identified the +5 robe "Enecoffa" {*Drain MP+9 Str+6 Int-5} (Okawaru gifted it to you on level 13 of the Dungeon)
  2689 | D:15     | Lost intelligence.
  2720 | D:15     | Noticed a centaur warrior
  2729 | D:15     | Killed a centaur warrior
  2729 | D:15     | Reached skill level 2 in Invocations
  2763 | D:15     | Noticed a red ugly thing
  2793 | D:15     | Noticed a brown ugly thing
  2793 | D:15     | Noticed a cyan ugly thing
  2798 | D:15     | Noticed a six-headed hydra
  2800 | D:15     | Killed a brown ugly thing
  2800 | D:15     | Reached skill level 3 in Invocations
  2805 | D:15     | Killed a brown ugly thing
  2805 | D:15     | Reached XP level 12. HP: 81/132 MP: 9/13
  2990 | D:11     | Noticed a six-headed hydra
  3010 | D:11     | Killed a 14-headed hydra
  3010 | D:11     | Reached skill level 4 in Invocations
  3018 | D:11     | Killed Sonja
  3018 | D:11     | Reached skill level 5 in Invocations
  3122 | D:8      | Received a gift from Okawaru
  3131 | Lair:1   | Entered Level 1 of the Lair of Beasts
  3241 | Lair:3   | Found a staircase to the Swamp.
  3247 | Swamp:1  | Entered Level 1 of the Swamp
  3247 | Swamp:1  | Noticed an alligator
  3258 | Swamp:1  | Killed an alligator
  3258 | Swamp:1  | Reached skill level 6 in Invocations
  3315 | Swamp:1  | Noticed a seven-headed hydra
  3332 | Lair:3   | Reached skill level 7 in Invocations
  3393 | Lair:6   | Entered Level 6 of the Lair of Beasts
  3436 | Lair:6   | Noticed a death yak
  3437 | Lair:6   | Noticed a death yak
  3452 | Lair:6   | Slain by a sheep

Vault maps used:
D:1:      ldierk_water_garden, minmay_misc_feat_x, st_stairs_8
D:2:      nicolae_overflow_hidden_temple, minitemple, first_bread
D:3:      portal_sewer_entry_a, tso_altar
D:4:      uniq_menkaure, uniq_natasha
D:5:      gammafunk_temple_overflow_statue, uniq_grinder
D:7:      uniq_duvessa
D:8:      erik_lair_island, serial_shops, shop, hangedman_little_slice_of_home
D:9:      kennysheep_vampire_church, minmay_misc_feat_hallway
D:10:     orc_0_dummy
D:11:     grunt_pakellas_basics, uniq_sonja
D:12:     serial_shops, bzr_in_the_mist
D:13:     david_vaults_1, uniq_urug, uniq_josephine
D:14:     bh_chokoban, serial_shops, kennysheep_mini_moat
D:15:     gammafunk_enter_depths_forms, okawaru_ov_weapons_minmay,
          yredelemnul_altar_generic
Temple:   eino_temple_water
Lair:1:   grunt_megastairs_1
Lair:3:   minmay_swamp_entry_worms, nicolae_spider_entry_non_spiders,
          patterned_corridor
Lair:4:   wad_woods_road_01, uniq_rupert, uniq_snorg
Lair:5:   kb_forest_paths, basic_altar
Lair:6:   evil_forest, slime_altar_1, grunt_megastairs_3, lemuel_fruit_fields,
          serial_bayou_shore_b
Swamp:1:  evilmike_swamp_ruin_house_4

Skill      XL: |  1  2  3  4  5  6  7  8  9 10 11 12 |
---------------+-------------------------------------+-----
Unarmed Combat | 3 5 6 7 9 12 | 12.2
Fighting       | 6 10 12 | 12.0
Shields        | 4 |  4.0
Invocations    | 3 7 |  7.5
Dodging        | |  2.4

Action                   |  1- 3 |  4- 6 |  7- 9 | 10-12 || total
-------------------------+-------+-------+-------+-------++-------
Melee: Unarmed           |    56 |    62 |   231 |   414 ||   763
Throw: Throwing net      |       |       |       |     3 ||     3
       Javelin           |       |       |       |     1 ||     1
Invok: Heroism           |       |       |     5 |    36 ||    41
       Finesse           |       |       |       |     1 ||     1
Evoke: Wand              |       |       |       |     1 ||     1
  Use: Scroll            |       |       |     9 |     7 ||    16
       Potion            |       |       |     8 |     5 ||    13
 Stab: Sleeping          |       |     1 |       |     1 ||     2
       Invisible         |       |       |       |     1 ||     1
       Held in net/web   |       |       |       |     4 ||     4
  Eat: Chunk             |     4 |     5 |    10 |    20 ||    39
       Meat ration       |       |       |       |     1 ||     1
Armor: Robe              |     6 |    16 |    66 |    57 ||   145
       Skin              |       |       |    26 |     2 ||    28
Dodge: Dodged            |    13 |     8 |    79 |   112 ||   212
Block: Shield            |    22 |    22 |   100 |   160 ||   304

Table legend:
 A = Turns spent in this place as a percentage of turns spent in the entire game.
 B = Non-inter-level travel turns spent in this place as a percentage of non-inter-level travel turns spent in the entire game.
 C = Inter-level travel turns spent in this place as a percentage of turns spent in this place.
 D = Turns resting spent in this place as a percentage of non-inter-level travel turns spent in this place.
 E = Turns spent auto-exploring this place as a percentage of non-inter-level travel turns spent in this place.
 F = Non-inter-level travel turns spent in this place divided by the number of levels of this place that you've seen.
                   A       B       C       D       E      F
               +-------+-------+-------+-------+-------+----------------------
         Total | 100.0 | 100.0 |   0.0 |   0.1 |   0.0 | 154.7
       Dungeon |  89.0 |  89.0 |   0.0 |   0.2 |   0.0 | 211.1
        Temple |   1.5 |   1.5 |   0.0 |   0.0 |   0.0 |  53.0
          Lair |   6.7 |   6.7 |   0.0 |   0.0 |   0.0 |  39.5
         Swamp |   2.8 |   2.8 |   0.0 |   0.0 |   0.0 | 101.0
               +-------+-------+-------+-------+-------+----------------------

Table legend:
 A = Kills in this place as a percentage of kills in entire the game.
 B = Kills by you in this place as a percentage of kills by you in the entire game.
 C = Kills by friends in this place as a percentage of kills by friends in the entire game.
 D = Other kills in this place as a percentage of other kills in the entire game.
 E = Experience gained in this place as a percentage of experience gained in the entire game.
 F = Experience gained in this place divided by the number of levels of this place that you have seen.
                   A       B       C       D       E      F
               +-------+-------+-------+-------+-------+----------------------
         Total | 100.0 | 100.0 |  -nan |  -nan | 100.0 | 1249.3
       Dungeon |  92.2 |  92.2 |  -nan |  -nan |  85.0 | 1628.3
          Lair |   4.8 |   4.8 |  -nan |  -nan |   6.8 | 326.7
         Swamp |   3.0 |   3.0 |  -nan |  -nan |   8.2 | 2349.0
               +-------+-------+-------+-------+-------+----------------------
